 Dungeon Crawl Stone Soup version 0.32-a0-468-g38b2580584 (webtiles) character file.

Game seed: 1953671510439056607

1303 cforsyth the Trooper (level 8, -1/67 HPs)
             Began as a Coglin Gladiator on Feb 25, 2024.
             Succumbed to a water moccasin's poison
             ... on level 7 of the Dungeon.
             The game lasted 00:08:33 (5491 turns).

cforsyth the Trooper (Coglin Gladiator)             Turns: 5491, Time: 00:08:33

Health: -1/67      AC: 10    Str: 16    XL:     8   Next: 57%
Magic:  8/8        EV:  8    Int:  7    God:
Gold:   339        SH:  0    Dex: 17    Spells: 7/7 levels left

rFire   + . .        a - +0 war axe {Chiraphon}
rCold   . . .        s - +0 war axe {Ajinder}
rNeg    . . .        o - +0 chain mail
rPois   .            (helmet restricted)
rElec   .            (no cloak)
rCorr   .            (no gloves)
SInv    .            (no boots)
Will    .....        (no amulet) Stlth
                     (ring unavailable)
HPRegen 0.31/turn    (ring unavailable)
MPRegen 0.11/turn

%: no passive effects
@: brilliant, lethally poisoned (-1 -> -17), revved
A: off-hand wielding, slow wielding, warmup strikes, no rings, horns 1, fire
resistance 1
a: no special abilities


You were on level 7 of the Dungeon.
You visited 1 branch of the dungeon, and saw 7 of its levels.

You collected 339 gold pieces.


Innate Abilities, Weirdness & Mutations

You can wield a second weapon in your off-hand.
It takes a long time for you to wield or remove held weapons.
Your first few attacks do less damage.
Your grasper-arms cannot wear rings.
You have a pair of small horns on your head.
Your flesh is heat resistant. (rF+)


   Skills:
 + Level 7.4 Fighting
 - Level 3.0 Axes
 - Level 1.7 Throwing
 + Level 6.4 Armour
 - Level 2.6 Dodging


You had 7 spell levels left.
You didn't know any spells.
Your spell library contained the following spells:

 Spells                   Type           Power      Damage    Failure   Level
 Cigotuvi's Dreadful Rot  Necr/Alch/Air  0%         N/A       100%        2
 Animate Armour           Summ/Erth      0%         N/A       100%        4
 Ignite Poison            Fire/Alch      0%         N/A       100%        4
 Summon Lightning Spire   Summ/Air       0%         N/A       100%        4
 Alistair's Intoxication  Alch           0%         N/A       100%        5
 Borgnjor's Vile Clutch   Necr/Erth      0%         N/A       100%        5
 Freezing Cloud           Conj/Ice/Air   0%         6-21      100%        5
 Lee's Rapid Deconstruct  Erth           0%         3d4*      100%        5
 Eringya's Noxious Bog    Alch           0%         4d6       100%        6

Inventory:

Hand Weapons
 a - a +0 war axe (weapon) {Chiraphon}
 s - a +0 war axe (offhand) {Ajinder}
Missiles
 d - 3 throwing nets (quivered) {=f}
 e - a javelin
Armour
 c - a +0 helmet
 o - a +0 chain mail (worn)
Magical Staves
 l - a staff of conjuration {!a}
 C - a staff of death {!a}
Jewellery
 y - an amulet of magic regeneration
Wands
 v - a wand of polymorph (4)
 D - a wand of digging (5)
 F - a wand of mindburst (22)
Scrolls
 b - a scroll of brand weapon {unknown}
 f - 7 scrolls of identify {unknown}
 i - 5 scrolls of teleportation {unknown}
 m - a scroll of fog {unknown}
 n - 2 scrolls of blinking {unknown}
 p - a scroll of enchant armour {unknown}
 t - 3 scrolls of vulnerability {unknown}
 u - 2 scrolls of noise {unknown}
 w - 3 scrolls of fear {unknown}
 z - a scroll of immolation {unknown}
 A - a scroll of revelation {unknown}
 B - a scroll of silence {unknown}
 G - a scroll of poison {unknown}
Potions
 g - a potion of lignification {unknown}
 h - a potion of curing {unknown}
 j - a potion of mutation
 k - a potion of degeneration {unknown}
 q - a potion of invisibility {unknown}
 r - a potion of might {unknown}
 x - a potion of brilliance
 E - a potion of heal wounds {unknown}
 H - a potion of enlightenment {unknown}

Dungeon Overview and Level Annotations

Branches:
Dungeon (7/15)             Temple (0/1) D:5

Altars:
Ashenzari
Okawaru
Trog
Uskayaw
Xom
Yredelemnul

Shops:
D:4

( #...o..#
#.#.###...#####..
#......#
#.#.#............
#......#
#.#.#.#.#.......#
#......#
#.#.#.#........##
#......#
#.#.#.#........ #
#...o..# #.#
#.#.####.#### .
#.# #.#..........
...########.#
#.########...
........Ys@.# #.
###>
........##### ##
...?....#
........#
........#
........#
........#
.........
.........


You could see an ice beast and a scorpion.


Message History

You feel very sick. The water moccasin bites you.
* * * LOW HITPOINT WARNING * * *
You are more poisoned.
The water moccasin poisons you!
You hit the water moccasin with your +0 war axe.
The water moccasin is almost dead.
You closely miss the water moccasin with your +0 war axe.
You feel very sick. The water moccasin bites you.
* * * LOW HITPOINT WARNING * * *
You are lethally poisoned!
The water moccasin poisons you!
The water moccasin bites you but does no damage.
You slash the water moccasin with your +0 war axe!
You kill the water moccasin!
* * * LOW HITPOINT WARNING * * *
You feel extremely sick.
Unknown command.
It was a potion of brilliance.
You feel clever all of a sudden.
* * * LOW HITPOINT WARNING * * *
You feel very sick. The scorpion stings you.
* * * LOW HITPOINT WARNING * * *
It was a potion of mutation.
You feel extremely strange. A pair of horns grows on your head!
Your +0 helmet falls away!
You feel resistant to heat.
You die...

Skill      XL: |  1  2  3  4  5  6  7  8 |
---------------+-------------------------+-----
Armour         | 1 2 3 4 5 6 |  6.4
Fighting       | 3 4 5 6 7 |  7.4
Axes           | |  3.0
Throwing       | |  1.7
Dodging        | |  2.6

Action                     |  1- 3 |  4- 6 |  7- 9 || total
---------------------------+-------+-------+-------++-------
  Melee: War axe           |    98 |   202 |   170 ||   470
    Use: Potion            |       |       |     2 ||     2
   Stab: Sleeping          |     2 |       |       ||     2
 Armour: Leather armour    |    21 |       |       ||    21
         Chain mail        |    31 |    86 |   120 ||   237
  Dodge: Dodged            |    46 |    41 |    40 ||   127

Levels and vault maps discovered:
D:1:      amcnicky_arrival_abandoned_market, layout_loops_ring
D:2:      layout_loops_corners
D:3:      layout_loops_ring, mainiacjoe_overflow_small_starburst,
          yredelemnul_altar_generic, moated_statue
D:4:      layout_loops_ring, nicolae_uskayaw_suspiria, serial_shops, shop
D:5:      layout_rooms, minmay_temple_entry_grid
D:6:      layout_loops_ring, jmf_multi_god_temple2, minivault_19
D:7:      layout_basic, makhleb_blood_cavern_becter, bloody_trog

Notes
Turn   | Place    | Note
-------+----------+-------------------------------------------
     0 | D:1      | cforsyth the Coglin Gladiator began the quest for the Orb.
     0 | D:1      | Reached XP level 1. HP: 16/16 MP: 1/1
   332 | D:1      | Reached XP level 2. HP: 15/23 MP: 2/2
   384 | D:1      | Reached skill level 1 in Armour
   448 | D:1      | You fall into a shaft and drop 1 floor!
   708 | D:2      | Reached XP level 3. HP: 23/28 MP: 3/3
  1434 | D:3      | Reached skill level 3 in Fighting
  1512 | D:3      | Reached skill level 2 in Armour
  1536 | D:3      | Reached XP level 4. HP: 28/35 MP: 4/4
  1628 | D:3      | Found a basalt altar of Yredelemnul.
  1644 | D:3      | Noticed a scorpion
  1654 | D:3      | Killed a scorpion
  1655 | D:3      | Reached skill level 4 in Fighting
  1655 | D:3      | Reached skill level 3 in Armour
  1655 | D:3      | Reached XP level 5. HP: 37/42 MP: 5/5
  1898 | D:3      | Found a shimmering altar of Xom.
  2289 | D:4      | Found Utesem's Weapon Emporium.
  2291 | D:4      | Noticed a phantom
  2307 | D:4      | Killed a phantom
  2308 | D:4      | Reached XP level 6. HP: 29/49 MP: 6/6
  2519 | D:4      | Found a hide-covered altar of Uskayaw.
  3039 | D:5      | Entered Level 5 of the Dungeon
  3044 | D:5      | Found a staircase to the Ecumenical Temple.
  3075 | D:5      | Reached skill level 5 in Fighting
  3075 | D:5      | Reached skill level 4 in Armour
  3335 | D:5      | Reached XP level 7. HP: 56/56 MP: 7/7
  3944 | D:5      | Reached skill level 6 in Fighting
  3944 | D:5      | Reached skill level 5 in Armour
  4205 | D:5      | Reached XP level 8. HP: 38/65 MP: 8/8
  4635 | D:6      | Found an iron altar of Okawaru.
  4649 | D:6      | Found a broken altar of Ashenzari.
  4726 | D:6      | Reached skill level 7 in Fighting
  4726 | D:6      | Reached skill level 6 in Armour
  5008 | D:7      | Found a bloodstained altar of Trog.
  5490 | D:7      | HP: 3/67 [scorpion (6)]
  5491 | D:7      | Gained mutation: You have a pair of small horns on your
                  | head. [potion of mutation]
  5491 | D:7      | Gained mutation: Your flesh is heat resistant. (rF+)
                  | [potion of mutation]
  5491 | D:7      | Succumbed to a water moccasin's poison

Vanquished Creatures
  3 water moccasins
  A phantom (D:4)
  A gnoll sergeant (D:7)
  2 scorpions
  4 wights
  2 jellies
  3 hounds
  A gnoll bouda (D:5)
  An orc priest (D:3)
  2 iguanas
  An orc wizard (D:5)
  7 gnolls
  7 adders
  A shadow imp (D:6)
  A white imp (D:6)
  An ufetubus (D:6)
  3 ribbon worms
  3 dart slugs
  12 orcs
  4 bats
  8 endoplasms
  5 giant cockroaches
  4 goblins
  9 hobgoblins
  2 jackals (D:5)
  A quokka (D:1)
  9 ball pythons
  2 frilled lizards (D:3)
  3 kobolds
  5 rats
108 creatures vanquished.

Table legend: (Time is in decaauts)
 A = Elapsed time spent in this place.
 B = Non-inter-level travel time spent in this place.
 C = Inter-level travel time spent in this place.
 D = Time resting spent in this place.
 E = Time spent auto-exploring this place.
 F = Levels seen in this place.
 G = Mean time per level.
                   A        B        C        D        E       F      G
               +--------+--------+--------+--------+--------+-----+--------+
         Total |   5587 |   5335 |    252 |    424 |   4059 |   7 |  798.1 |
       Dungeon |   5587 |   5335 |    252 |    424 |   4059 |   7 |  798.1 |
               +--------+--------+--------+--------+--------+-----+--------+

Top non-repeatable levels by time:
     D:6: 1098 daAuts
     D:5: 1011 daAuts
     D:2: 956 daAuts
     D:4: 839 daAuts
     D:3: 835 daAuts
     D:1: 458 daAuts
     D:7: 388 daAuts

Table legend:
 A = Non-vault XP
 B = Vault XP
 C = Vault XP percentage of total XP
 D = Non-vault monster count
 E = Vault monster count
 F = Vault count percentage of total count
                 A         B        C        D         E       F
            +---------+---------+-------+---------+---------+-------
      Total |    1809 |      53 |   2.8 |     106 |       2 |   1.9
            +---------+---------+-------+---------+---------+-------
        D:1 |      20 |       0 |   0.0 |      11 |       0 |   0.0
        D:2 |      27 |       0 |   0.0 |      17 |       0 |   0.0
        D:3 |     188 |       0 |   0.0 |      28 |       0 |   0.0
        D:4 |     174 |       0 |   0.0 |      13 |       0 |   0.0
        D:5 |     657 |       0 |   0.0 |      19 |       0 |   0.0
        D:6 |     487 |      53 |   9.8 |      14 |       2 |  12.5
        D:7 |     256 |       0 |   0.0 |       4 |       0 |   0.0
            +---------+---------+-------+---------+---------+-------
